 Dungeon Crawl Stone Soup version 0.31-a0-971-g75a2e9a4b4 (webtiles) character file.

Game seed: 10010472081195023136

100 Vomitron the Magician (level 5, -1/35 HPs)
             Began as a Djinni Fire Elementalist on Oct 28, 2023.
             Slain by an ufetubus (2 damage)
             ... on level 3 of the Dungeon.
             The game lasted 00:05:47 (2019 turns).

Vomitron the Magician (Djinni Fire Elementalist)    Turns: 2019, Time: 00:05:47

Health: -1/35      AC:  2    Str:  7    XL:     5   Next: 3%
Gold:   68         EV: 12    Int: 19    God:
                   SH:  0    Dex: 13

rFire   + + .        m - +0 falchion
rCold   x . .        (no shield)
rNeg    . . .        a - +0 robe
rPois   ∞            (no helmet)
rElec   .            (no cloak)
rCorr   .            (no gloves)
SInv    .            (boots unavailable)
Will    .....        (no amulet)
Stlth   ++           (no ring)
HPRegen 0.25/turn    (no ring)
MPRegen 0.00/turn

%: infuse magic (-2 HP)
@: wereblooded, flying
A: sickness immunity, fire resistance 2, cold vulnerability 1, float, innate
caster, HP casting, extra vitality 1
a: no special abilities


You were on level 3 of the Dungeon.
You visited 1 branch of the dungeon, and saw 3 of its levels.

You collected 68 gold pieces.

Inventory:

Hand Weapons
 f - a +0 dagger
 j - a +0 flail
 m - a +0 falchion (weapon)
Armour
 a - a +0 robe (worn)
Jewellery
 o - a +4 ring of protection
Scrolls
 d - 3 scrolls of identify {unknown}
 l - a scroll of blinking {unknown}
 n - a scroll of enchant weapon {unknown}
 p - a scroll of enchant armour {unknown}
 q - a scroll of summoning {unknown}
Potions
 b - 3 potions of lignification {unknown}
 c - 2 potions of mutation {unknown}
 e - 2 potions of ambrosia {unknown}
 g - a potion of invisibility {unknown}
 h - a potion of curing {unknown}
 i - a potion of magic {unknown}
 k - a potion of attraction {unknown}


   Skills:
 - Level 2.1 Dodging
 - Level 1.5 Stealth
 + Level 4.4 Spellcasting
 + Level 4.4 Conjurations
 + Level 4.4 Hexes
   Level 0.0 Charms
 + Level 4.4 Summonings
 + Level 4.4 Necromancy
 + Level 4.4 Translocations
 + Level 4.4 Transmutations
 + Level 4.4 Fire Magic
 + Level 4.4 Ice Magic
 + Level 4.4 Air Magic
 + Level 4.4 Earth Magic
 + Level 4.4 Poison Magic


You knew the following spells:

 Your Spells              Type           Power      Damage    Failure   Level
a - Foxfire               Conj/Fire      84%        2x1d8     2%          1
b - Scorch                Fire           42%        2d6       3%          2
c - Volatile Blastmotes   Fire/Tloc      42%        2d13      6%          3
d - Inner Flame           Hex/Fire       21%        N/A       6%          3
e - Flame Wave            Conj/Fire      21%        2d8       22%         4
f - Necrotise             Necr           84%        1d8       2%          1
g - Wereblood             Tmut           21%        N/A       3%          2
Your spell library was empty.

Dungeon Overview and Level Annotations

Branches:
Dungeon (3/15)

Altars:
Dithmenos


Innate Abilities, Weirdness & Mutations

You are immune to sickness and miasma.
You are immune to poison.
Your flesh is very heat resistant. (rF++)
You are vulnerable to cold. (rC-)
You float through the air rather than walking.
You learn spells naturally, not from books.
Your magical power is your life essence.
You have superior vitality. (+4 MHP)


Message History

Found a shadowy altar of Dithmenos.
An ufetubus comes into view.
Found 5 gold pieces.
An ufetubus comes into view.
The ufetubus slips past you! The ufetubus hits you.
The ufetubus barely misses you.
Casting: Foxfire (safe; 2% risk of failure)
Confirm with . or Enter, or press ? or * to list all spells.
Your blood is infused with primal strength.
The ufetubus shouts!
The ufetubus hits you. The ufetubus closely misses you.
You hit the ufetubus.
The ufetubus is severely wounded.
The ufetubus hits you. The ufetubus closely misses you. x3
You closely miss the ufetubus.
The ufetubus is severely wounded.
The ufetubus completely misses you. The ufetubus hits you.
The ufetubus barely misses you. The ufetubus hits you.
The ufetubus barely misses you.
The ufetubus hits you but does no damage.
The ufetubus hits you. The ufetubus barely misses you.
You miss the ufetubus.
The ufetubus is severely wounded.
The ufetubus hits you. The ufetubus barely misses you. The ufetubus misses you.
The ufetubus hits you. The ufetubus barely misses you. The ufetubus hits you.
* * * LOW HITPOINT WARNING * * *
The ufetubus hits you.
* * * LOW HITPOINT WARNING * * *
The ufetubus closely misses you.
Casting: Wereblood (safe; 3% risk of failure)
Confirm with . or Enter, or press ? or * to list all spells.
Flames lash the ufetubus.
The ufetubus is burned terribly!
The ufetubus is heavily wounded.
The ufetubus's fire resistance burns away.
* * * LOW HITPOINT WARNING * * *
The ufetubus hits you.
* * * LOW HITPOINT WARNING * * *
The ufetubus barely misses you. The ufetubus closely misses you.
The ufetubus hits you.
You die...

########......###################
.......................>....(...#
########................#######.#
#......########..# #.# ########
..#..# #.# ##...# #.#..# #.#
#..=..# #.#..# #.#
..$....####.#..# #.#
..._..5@5.#.#..# #.#
.......##...#.)#######.# #.....#
###.#..........#
##...######.##.#########
#####.........#
#####.########.##.#
#######.........# #.##.#
............###.# #.##.#
........†.......####.##.#


You could see 2 ufetubi.

Vanquished Creatures
  3 adders
  A worm (D:2)
  2 dart slugs (D:2)
  8 endoplasms
  4 giant cockroaches
  3 goblins
  6 hobgoblins
  4 jackals (D:3)
  3 quokkas
  8 ball pythons
  6 bats
  A frilled lizard (D:3)
  3 kobolds
  7 rats
59 creatures vanquished.

Vanquished Creatures (collateral kills)
  A giant cockroach (D:1)
1 creature vanquished.

Vanquished Creatures (others)
  102 foxfires
102 creatures vanquished.

Grand Total: 162 creatures vanquished

Notes
Turn   | Place    | Note
-------+----------+-------------------------------------------
     0 | D:1      | Vomitron the Djinni Fire Elementalist began the quest for
                  | the Orb.
     0 | D:1      | Vomitron set off with the following spells memorised:
                  | Foxfire, Scorch, Volatile Blastmotes, Inner Flame, Flame
                  | Wave.
     0 | D:1      | Reached XP level 1. HP: 15/15 MP: 0/0
    79 | D:1      | Reached XP level 2. HP: 20/21 MP: 0/0
   212 | D:1      | Reached XP level 3. HP: 5/25 MP: 0/0
   212 | D:1      | Learned a level 1 spell: Necrotise
   973 | D:2      | Found a faded altar of an unknown god.
  1081 | D:2      | Reached XP level 4. HP: 31/31 MP: 0/0
  1914 | D:3      | Reached XP level 5. HP: 31/35 MP: 0/0
  1914 | D:3      | Learned a level 2 spell: Wereblood
  2011 | D:3      | Found a shadowy altar of Dithmenos.
  2019 | D:3      | HP: 1/35 [ufetubus (4)]
  2019 | D:3      | Slain by an ufetubus

Illustrated notes

Levels and vault maps discovered:
D:1:      dpeg_arrival_tiny_g, layout_basic
D:2:      layout_loops_corners, basic_ecumenical_altar
D:3:      layout_basic, lemuel_round_altar,
          nicolae_concentric_dashed_squares_wild

Skill      XL: |  1  2  3 |
---------------+----------+-----
Spellcasting   | 4 |  4.4
Conjurations   | 4 |  4.4
Hexes          | 4 |  4.4
Summonings     | 4 |  4.4
Necromancy     | 4 |  4.4
Translocations | 4 |  4.4
Transmutations | 4 |  4.4
Fire Magic     | 4 |  4.4
Ice Magic      | 4 |  4.4
Air Magic      | 4 |  4.4
Earth Magic    | 4 |  4.4
Poison Magic   | 4 |  4.4
Dodging        | |  2.1
Stealth        | |  1.5

Action                     |  1- 3 |  4- 6 || total
---------------------------+-------+-------++-------
  Melee: Unarmed           |     1 |       ||     1
         Dagger            |    21 |       ||    21
         Flail             |     3 |    12 ||    15
         Falchion          |       |    13 ||    13
   Cast: Foxfire           |    44 |    21 ||    65
         Scorch            |     4 |     1 ||     5
         Necrotise         |     2 |       ||     2
         Wereblood         |       |     1 ||     1
 Armour: Robe              |    13 |    26 ||    39
  Dodge: Dodged            |    26 |    32 ||    58

Table legend: (Time is in decaauts)
 A = Elapsed time spent in this place.
 B = Non-inter-level travel time spent in this place.
 C = Inter-level travel time spent in this place.
 D = Time resting spent in this place.
 E = Time spent auto-exploring this place.
 F = Levels seen in this place.
 G = Mean time per level.
                   A        B        C        D        E       F      G
               +--------+--------+--------+--------+--------+-----+--------+
         Total |   2027 |   2010 |     17 |    135 |   1501 |   3 |  675.7 |
       Dungeon |   2027 |   2010 |     17 |    135 |   1501 |   3 |  675.7 |
               +--------+--------+--------+--------+--------+-----+--------+

Top non-repeatable levels by time:
     D:2: 926 daAuts
     D:1: 648 daAuts
     D:3: 452 daAuts
